cohdb
Replays
Latest Replays
All Replays
Popular Replays
Top Player Replays
Match Explorer
How It Works
Community
CoH3 Stats
Reddit
Sign in to upload your games and track your stats! →
Sign in with Steam
Match 24779823
Unlisted
Match 24779823
Overview
Messages
Build Orders
End
Construct Infanterie Kompanie
Kettenkrad Recon Vehicle
Grenadier Squad
MG 42 Machine Gun Team
Sniper
Construct Panzergrenadier Kompanie
251 Medium Carrier
Selects Mechanized Battlegroup
Selects Raid Package
Panzergrenadier Squad
Selects 8 Rad Armored Car
8 Rad Armored Car
Selects UNKNOWN (2160084)
Pak 40 Anti-tank Gun Team
Selects Mobile Repair Stations
Construct Panzer Kompanie
Kettenkrad Recon Vehicle
Stoßtruppen Squad
Selects Wespe Self-propelled Artillery
Panzer IV Medium Tank
Selects Zeroing Artillery Barrage
Stoßtruppen Squad
Kettenkrad Recon Vehicle
AI Takeover
Cal-The-Cammel
ConcernedApe
0
0
Comments
sign in to comment!
No comments posted yet!